 Dungeon Crawl Stone Soup version 0.27-a0-1158-gaa87e14f67 (webtiles) character file.

Game seed: 6446304200965930642

144 freelancePsychic the Magician (level 5, 0/35 HPs)
             Began as a Djinni Venom Mage on May 15, 2021.
             Was a Follower of Cheibriados.
             Slain by an ogre
             ... wielding a +0 giant club
              (16 damage)
             ... on level 4 of the Dungeon.
             The game lasted 00:06:37 (5650 turns).

freelancePsychic the Magician (Djinni Venom Mage)   Turns: 5650, Time: 00:06:38

Health: 0/35       AC:  3    Str:  9    XL:     5   Next: 51%
Gold:   164        EV: 12    Int: 19    God:    Cheibriados [*.....] SH:  0 Dex: 16

rFire    + + .     SeeInvis .   n - +4 hunting sling
rCold    x . .     Faith    .   (no shield)
rNeg     . . .     Spirit   .   a - +0 robe
rPois    ∞         Reflect  .   (no helmet)
rElec    .         Harm     .   (no cloak)
rCorr    .         Rampage  .   d - +0 pair of gloves
Will     .....                  (boots unavailable)
Stlth    ++........             (no amulet)
HPRegen  0.11/turn              (no ring)
MPRegen  0.00/turn              (no ring)

@: flying, very slow
A: sickness immunity, fire resistance 2, cold vulnerability 1, float, innate
caster, hp casting, extra vitality 1
a: Renounce Religion, Bend Time


You were on level 4 of the Dungeon.
You worshipped Cheibriados.
Cheibriados was aware of your devotion.
You visited 1 branch of the dungeon, and saw 4 of its levels.

You collected 164 gold pieces.

Inventory:

Hand Weapons
 n - a +4 hunting sling (weapon)
Missiles
 o - 5 stones (quivered ammo)
 r - a throwing net
Armour
 a - a +0 robe (worn)
 d - a +0 pair of gloves (worn)
Scrolls
 b - a scroll of fog {unknown}
 i - 3 scrolls of enchant armour {unknown}
 j - 2 scrolls of identify {unknown}
 p - a scroll of noise {unknown}
Potions
 c - a potion of invisibility {unknown}
 e - a potion of attraction {unknown}
 f - a potion of haste {unknown}
 g - a potion of cancellation {unknown}
 h - a potion of brilliance {unknown}
 k - a potion of might {unknown}
 l - a potion of curing {unknown}
 m - 2 potions of degeneration {unknown}
 q - a potion of heal wounds {unknown}


   Skills:
 - Level 2.1 Dodging
 - Level 1.5 Stealth
 + Level 4.5 Spellcasting


You couldn't memorise any spells.
You knew the following spells:

 Your Spells              Type           Power      Damage    Failure   Level
a - Sting                 Tmut/Pois      84%        1d7       1%          1
b - Poisonous Vapours     Pois/Air       42%        N/A       3%          2
c - Mephitic Cloud        Conj/Pois/Air  21%        N/A       6%          3
d - Ignite Poison         Fire/Tmut/Pois 21%        N/A       6%          3
e - Olgreb's Toxic Radia  Pois           21%        N/A       21%         4
f - Pain                  Necr           84%        1d8       1%          1
g - Wereblood             Tmut           21%        N/A       3%          2
Your spell library was empty.

Dungeon Overview and Level Annotations

Branches:
Dungeon (4/15)
 Temple: D:4-7

Altars:
Cheibriados
Fedhas
Qazlal
Uskayaw
Vehumet
Wu Jian

Shops:
D:3 =


Innate Abilities, Weirdness & Mutations

You are immune to sickness and miasma.
You are immune to poison.
Your flesh is very heat resistant. (rF++)
You are vulnerable to cold. (rC-)
You float through the air rather than walking.
You learn spells naturally, not from books.
Your magical power is your life essence.
You have superior vitality. (+4 HP)


Message History

The goblin shouts!
Fire: 9 stones
Press: ? - help, Q - select action, (/) - cycle Shift-Dir - straight line, f/p - goblin
Aim: a goblin, wielding a +0 club (58% to hit)
You shoot a stone. The stone closely misses the goblin.
Fire: 8 stones
Press: ? - help, Q - select action, (/) - cycle Shift-Dir - straight line, f/p - goblin
Aim: a goblin, wielding a +0 club (58% to hit)
You shoot a stone. The stone closely misses the goblin.
Fire: 7 stones
Press: ? - help, Q - select action, (/) - cycle Shift-Dir - straight line, f/p - goblin
Aim: a goblin, wielding a +0 club (58% to hit)
You shoot a stone. The stone hits the goblin.
The goblin is severely wounded.
Fire: 6 stones
Press: ? - help, Q - select action, (/) - cycle Shift-Dir - straight line, f/p - goblin
Aim: a goblin, wielding a +0 club (severely wounded, 58% to hit)
You shoot a stone. The stone hits the goblin.
You kill the goblin!
Cheibriados appreciates the change of pace.
You start resting.
An ogre comes into view. It is wielding a +0 giant club.
You see here a jackal skeleton.
Casting: Poisonous Vapours (safe; 3% risk of failure)
Confirm with . or Enter, or press ? or * to list all spells.
Aiming: Poisonous Vapours (safe; 3% risk of failure)
Press: ? - help, Dir - move target, f - ogre
Aim: an ogre, wielding a +0 giant club (wandering, hasn't noticed you) Poisonous vapours surround the ogre!
The ogre is engulfed in poison gas.
The ogre is poisoned.
Casting: Poisonous Vapours (safe; 3% risk of failure)
Confirm with . or Enter, or press ? or * to list all spells.
Aiming: Poisonous Vapours (safe; 3% risk of failure)
Press: ? - help, Dir - move target, f/p - ogre
Aim: an ogre, wielding a +0 giant club (moderately wounded, poisoned) Poisonous vapours surround the ogre!
The ogre is engulfed in poison gas.
The ogre looks even sicker.
The ogre hits you with a +0 giant club!
You see here a stone.
The ogre hits you with a +0 giant club!
You die...

.. ## . #. .# ..
.#.# ... ...
(...####.## .##.
(........)######
(..
#>............#
#(.
.##)##.@O......#
#..
....(..##.####.#
#.. .....).##(#
#####..
........÷.#
.......
.......####
....... .......
..?.... .......
#####.. .......
#.. ####### #..


You could see an ogre (very poisoned).

Vanquished Creatures
  3 gnolls (D:3)
  2 adders (D:3)
  5 dart slugs
  2 orcs (D:3)
  3 bats
  7 endoplasms
  3 giant cockroaches
  7 goblins
  8 hobgoblins
  9 jackals
  9 kobolds
  2 quokkas
  8 ball pythons
  A frilled lizard (D:1)
  7 rats
76 creatures vanquished.

Notes
Turn   | Place    | Note
-------+----------+-------------------------------------------
     0 | D:1      | freelancePsychic the Djinni Venom Mage began the quest for
                  | the Orb.
     0 | D:1      | Reached XP level 1. HP: 15/15 MP: 0/0
   341 | D:1      | Reached XP level 2. HP: 16/21 MP: 0/0
   586 | D:1      | Reached skill level 3 in Spellcasting
   870 | D:1      | Reached XP level 3. HP: 7/25 MP: 0/0
   870 | D:1      | Learned a level 1 spell: Pain
  1810 | D:1      | Found a faded altar of an unknown god.
  2657 | D:2      | Reached XP level 4. HP: 29/31 MP: 0/0
  3561 | D:3      | Found Abat Rei's Jewellery Emporium.
  3863 | D:3      | Found an ornate altar of the Wu Jian Council.
  3865 | D:3      | Found a blossoming altar of Fedhas.
  3867 | D:3      | Found a snail-covered altar of Cheibriados.
  3873 | D:3      | Reached skill level 4 in Spellcasting
  3875 | D:3      | Became a worshipper of Cheibriados the Contemplative
  4042 | D:3      | Found a hide-covered altar of Uskayaw.
  4132 | D:3      | Found a stormy altar of Qazlal.
  4516 | D:3      | Reached XP level 5. HP: 24/35 MP: 0/0
  4516 | D:3      | Learned a level 2 spell: Wereblood
  5398 | D:4      | Noticed a phantom
  5427 | D:4      | Reached * piety under Cheibriados
  5643 | D:4      | Noticed an ogre
  5650 | D:4      | Slain by an ogre

Illustrated notes

Levels and vault maps discovered:
D:1:      tarquinn_simple_flora_water_d, layout_loops_corners,
          hellmonk_ecumenical_altar_prayer_group
D:2:      layout_basic, serial_forest, infiniplex_forest_lined_2,
          infiniplex_forest_straight_4, infiniplex_forest_join,
          infiniplex_forest_zigzag_2, infiniplex_forest_straight_2,
          kennysheep_generic_room_9
D:3:      layout_basic, general_overflow_altar, marbit_many_paths,
          chequers_temple_overflow_statue_of_worship, serial_shops, shop,
          serial_bayou_ford_a
D:4:      minmay_razor_zed, layout_loops_cross, nicolae_ashenzari_panopticon,
          lemuel_round_altar, uniq_ijyb

Skill      XL: |  1  2  3  4 |
---------------+-------------+-----
Spellcasting   | 3 4 |  4.5
Dodging        | |  2.1
Stealth        | |  1.5

Action                   |  1- 3 |  4- 6 || total
-------------------------+-------+-------++-------
Melee: Unarmed           |     3 |       ||     3
 Fire: Hunting sling     |       |    32 ||    32
 Cast: Sting             |    54 |       ||    54
       Poisonous Vapours |    25 |    56 ||    81
Armor: Robe              |     6 |     5 ||    11
Dodge: Dodged            |    19 |    13 ||    32

Table legend: (Time is in decaauts)
 A = Elapsed time spent in this place.
 B = Non-inter-level travel time spent in this place.
 C = Inter-level travel time spent in this place.
 D = Time resting spent in this place.
 E = Time spent auto-exploring this place.
 F = Levels seen in this place.
 G = Mean time per level.
                   A        B        C        D        E       F      G
               +--------+--------+--------+--------+--------+-----+--------+
         Total |   5849 |   5692 |    157 |    605 |   4687 |   4 | 1462.2 |
       Dungeon |   5849 |   5692 |    157 |    605 |   4687 |   4 | 1462.2 |
               +--------+--------+--------+--------+--------+-----+--------+

Top non-repeatable levels by time:
     D:3: 2184 daAuts
     D:1: 2085 daAuts
     D:2: 1289 daAuts
     D:4: 290 daAuts
